 Dungeon Crawl Stone Soup version 0.24.0-13-gcf9b319 (webtiles) character file.

Game seed: 12465813526271303397, levelgen mode: deterministic

77 Bugaboo the Cudgeler (level 4, 0/40 HPs)
             Began as a Draconian Berserker on Jan 22, 2020.
             Was a Believer of Trog.
             Slain by an orc
             ... wielding a +0 short sword
              (4 damage)
             ... on level 2 of the Dungeon.
             The game lasted 00:04:58 (798 turns).

Bugaboo the Cudgeler (Draconian Berserker)           Turns: 798, Time: 00:04:58

Health: 0/40       AC:  5    Str: 20    XL:     4   Next: 13%
Magic:  4/4        EV: 13    Int:  7    God:    Trog [**....]
Gold:   85         SH:  0    Dex: 11    Spells: 3/3 levels left

rFire    . . .     SeeInvis .   a - +0 mace
rCold    . . .     Gourm    .   (no shield)
rNeg     . . .     Faith    .   (armour unavailable)
rPois    .         Spirit   .   (helmet restricted)
rElec    .         Reflect  .   (no cloak)
rCorr    .         Harm     .   (no gloves)
MR       .....                  (no boots)
Stlth    +.........             (no amulet)
HPRegen  0.13/turn              (no ring)
MPRegen  0.09/turn              (no ring)

@: berserk cooldown, slowed, very slow
A: unfitting armour, cold-blooded, AC +5
a: Berserk, Trog's Hand, Renounce Religion


You were on level 2 of the Dungeon.
You worshipped Trog.
Trog was pleased with you.
You were not hungry.

You visited 1 branch of the dungeon, and saw 2 of its levels.

You collected 85 gold pieces.

Inventory:

Hand Weapons
 a - a +0 mace (weapon)
Scrolls
 c - a scroll of blinking {unknown}
 d - a scroll of teleportation {unknown}
 e - a scroll of fear {unknown}
 f - a scroll of amnesia {unknown}
Comestibles
 b - a ration


   Skills:
 + Level 3.8 Fighting
 + Level 3.9 Maces & Flails
 + Level 3.5 Dodging


You had 3 spell levels left.
You didn't know any spells.
Your spell library was empty.

Dungeon Overview and Level Annotations

Branches:
Dungeon (2/15)

Altars:


Innate Abilities, Weirdness & Mutations

Your plain brown scales are hard. (AC +5)
You cannot fit into any form of body armour.
You are cold-blooded and may be slowed by cold attacks.


Message History

You see here 2 stones.
The orc throws a stone.
The stone hits you but does no damage.
Things that are here:
a stone; a +0 short sword The orc throws a stone.
The stone barely misses you.
The orc throws a stone.
The stone barely misses you.
The orc throws a stone.
The stone hits you but does no damage.
Things that are here:
3 stones; a +0 short sword You hit the orc.
The orc is heavily wounded.
The orc hits you but does no damage. x2
You hit the orc.
You kill the orc!
Trog accepts your kill. The orc barely misses you.
You closely miss the orc. You tail-slap the orc.
The orc is heavily wounded.
The orc misses you. The orc hits you with a +0 short sword.
You die...

. #.## . . . # . .##..##.# #.#
..# #........ #.# '... oo
......... #.# #...
#o##.#..##.# #.# #....
#..)o......# #.# #...
#o#.##..# #.# #...#####
#@#.##..#######.##
###.......###(#.##..<)..†....#
.......>....#.#.##..#######.##
..............(..............#
...%.........###.##.#.#####.##
###...................# #.#
#....#......##......# #.#
##+#.#......######..# #.#
.......#.# #..# #.#


You could see an orc priest and an orc.

Vanquished Creatures
  An orc priest (D:2)
  An adder (D:2)
  A worm (D:2)
  A dart slug (D:1)
  A leopard gecko (D:1)
  2 orcs (D:2)
  3 bats (D:1)
  3 giant cockroaches (D:1)
  2 goblins (D:1)
  6 hobgoblins
  2 frilled lizards (D:1)
  4 kobolds
  4 rats
31 creatures vanquished.

Notes
Turn   | Place    | Note
-------+----------+-------------------------------------------
     0 | D:1      | Bugaboo the Draconian Berserker began the quest for the
                  | Orb.
     0 | D:1      | Reached XP level 1. HP: 19/19 MP: 1/1
   122 | D:1      | Reached XP level 2. HP: 25/26 MP: 2/2
   724 | D:2      | Reached XP level 3. HP: 30/33 MP: 3/3
   738 | D:2      | Reached ** piety under Trog
   783 | D:2      | Reached XP level 4. HP: 8/40 MP: 4/4
   788 | D:2      | HP: 2/40 [poisoned by an adder]
   798 | D:2      | Slain by an orc

Levels and vault maps discovered:
D:1:      nzn_arrival_water_spiral, layout_basic, chequers_serial_rivers_marsh
D:2:      layout_basic, first_ration

Skill      XL: |  1  2 |
---------------+-------+-----
Dodging        | 3 |  3.5
Fighting       | |  3.8
Maces & Flails | |  3.9

Action                   |  1- 3 |  4- 6 || total
-------------------------+-------+-------++-------
Melee: Mace              |    74 |     4 ||    78
       Tailslap          |     9 |     2 ||    11
Invok: Berserk           |     1 |       ||     1
  Eat: Ration            |       |     1 ||     1
Armor: Skin              |    15 |     3 ||    18
Dodge: Dodged            |    45 |     5 ||    50
